 Dungeon Crawl Stone Soup version 0.02-122-g12e50fee3c (webtiles) character file.

Game seed: 16599468003826257234, levelgen mode: deterministic

97 Lanoc the Skirmisher (level 4, -3/40 HPs) Immature Draconian Demonspawn. Began on Oct 2, 2020. Slain by a slime creature (16 damage) ... on level 1 of the Dungeon. The game lasted 00:04:43 (448 turns).

Lanoc the Skirmisher (Immature Draconian Demonspawn) Turns: 448, Time: 00:04:43

Health: -3/40      AC:  6    Str: 16    XL:     4 ^: 57
Magic:  7/8        EV: 13    Int: 13    God:
Gold:   83         SH:  4    Dex: 11    Spells: 7/8 levels left

rFire    . . .     Vision   .   a - +0 long sword
rCold    . . .     Gourm    .   d - +0 dagger (elec)
rNeg     . . .     Faith    .   (armour unavailable)
rPois    .         Spirit   .   (helmet restricted)
rElec    .         Reflect  .   (no cloak)
rCorr    .         Harm     .   (no gloves)
MR       .....                  (no boots)
Stlth    ++........             (no amulet)
HPRegen  0.23/turn              (no ring)
MPRegen  0.18/turn              (no ring)

@: no status effects
A: no body armour, unfitting armour, large bone plates 1, cold-blooded, AC +6
a: Breathe Dart


You were on level 1 of the Dungeon.
You were not hungry.

You visited 1 branch of the dungeon, and saw 2 of its levels.

You collected 83 gold pieces.

Inventory:

Weapons
 a - a +0 long sword (weapon)
 d - a +0 dagger of electrocution (weapon)
Scrolls
 g - a scroll of enchantment
 h - 2 scrolls of fog
Potions
 b - a potion of lignification
 e - a potion of haste
 f - a potion of heal wounds
Comestibles
 c - 3 rations


   Skills:
 + Level 4.1 Fighting
 - Level 1.5 Long Blades
 + Level 3.3 Dodging
 - Level 1.3 Stealth
 - Level 2.6 Spellcasting
   Level 3.0 Invocations


You had 7 spell levels left.
You knew the following spells:

 Your Spells              Type           Power        Failure   Level  Hunger
a - Flame Tongue          Fire           1 (40)       24%         1    #......

Your spell library contained the following spells:

 Spells                   Type           Power        Failure   Level  Hunger
 Blink                    Tloc           N/A          34%         2    ###....
 Call Imp                 Summ           1 (100)      34%         2    ###....
 Slow                     Hex            1 (100)      34%         2    ###....
 Conjure Flame            Fire           1 (100)      56%         3    ###....
 Mephitic Cloud           Pois/Air       1 (100)      56%         3    ###....


Dungeon Overview and Level Annotations

Branches:
Dungeon (2/8)

Altars:


Innate Abilities, Weirdness & Mutations

You cannot fit into any form of body armour.
Your plain brown scales are hard. (AC +6)
You can breathe rudimentary magical darts.
You are partially covered in large bone plates. (SH +4)
You are cold-blooded and may be slowed by cold attacks.


Message History

There is a stone staircase leading down here.
The jelly splashes around in the water.
The slime creature hits you (4).
Casting: Flame Tongue (safe; 24% risk of failure)
Confirm with . or Enter, or press ? or * to list all spells.
Aiming: Flame Tongue (safe; 24% risk of failure)
Press: ? - help, Shift-Dir - straight line, f - slime creature
Aim: a slime creature (healthy (60/60))
The flame tongue hits the slime creature (7)!
The slime creature is lightly wounded. (53/60) HP The jelly hits you but does no damage.
You hit the slime creature (6).
The slime creature is moderately wounded. (47/60) HP You hit the slime creature but do no damage.
Lightning courses through the slime creature (3).
The slime creature is moderately wounded. (44/60) HP The slime creature is engulfed in a cloud of scalding steam.
The slime creature hits you (7)! The jelly closely misses you (0).
The slime creature is engulfed in a cloud of scalding steam.
The slime creature hits you (16)!
You die...

#..#≈≈>≈#....#.
####..#≈≈≈≈#......
#.....#≈≈≈≈#...#..
#)....######..##..
#†#.#.........####
#.#....##.........
#.####..#####..### #.#
#........##≈ #@##
######....≈
###JJ############..# ##
#..≈>≈.....)......##
##.##...##.##########.##
##...#####...#†..# #.##
#..#.....÷.#...#.# #.##
##...#####...### # #...
##.# ##.#### ##..# #.
#.#..### ....#


You could see a slime creature and a jelly.

Vanquished Creatures
  A jelly (D:1)
  A gnoll (D:1)
  A sewer rat (D:1)
  2 cinder newts (D:1)
  An ooze (D:1)
  2 dart slugs (D:1)
  A leopard gecko (D:1)
  2 giant cockroaches (D:1)
  5 goblins (D:1)
  2 hobgoblins (D:1)
  2 ball pythons (D:1)
  3 bats
  2 kobolds (D:1)
  8 rats (D:1)
33 creatures vanquished.

Vanquished Creatures (others)
  2 withered plants (D:2)
2 creatures vanquished.

Grand Total: 35 creatures vanquished

Notes
Turn   | Place    | Note
-------+----------+-------------------------------------------
     0 | D:1      | Lanoc the Immature Draconian Demonspawn began the quest for
                  | the Orb.
     0 | D:1      | Reached XP level 1. HP: 18/18 MP: 4/4
    26 | D:1      | Gained mutation: You are partially covered in large bone
                  | plates. (SH +4) [demonic ancestry]
    26 | D:1      | Reached XP level 2. HP: 25/25 MP: 5/5
    61 | D:1      | Reached skill level 3 in Fighting
   134 | D:1      | Reached XP level 3. HP: 22/31 MP: 7/7
   373 | D:1      | Reached XP level 4. HP: 40/40 MP: 8/8
   380 | D:2      | Noticed a slime creature
   385 | D:1      | Reached skill level 4 in Fighting
   448 | D:1      | Slain by a slime creature

Levels and vault maps discovered:
D:1:      lemuel_arrival_broad_hall, layout_rooms, chequers_mini_garden,
          minmay_misc_feat_tower, minmay_tromino_v2, portal_sewer_entry_c
D:2:      layout_sewer, uniq_terence, uniq_pikel, uniq_ijyb, uniq_purgy

Skill      XL: |  1  2  3  4 |
---------------+-------------+-----
Fighting       | 3 4 |  4.1
Dodging        | 3 |  3.3
Long Blades    | |  1.5
Stealth        | |  1.3
Spellcasting   | |  2.6
Invocations    | |  3.0

Action                   |  1- 3 |  4- 6 || total
-------------------------+-------+-------++-------
Melee: Long sword        |    50 |     3 ||    53
       Unarmed           |    24 |       ||    24
       Tailslap          |     4 |       ||     4
       Dagger            |     9 |     3 ||    12
 Cast: Flame Tongue      |       |     1 ||     1
 Abil: Breathe Dart      |     1 |       ||     1
 Stab: Sleeping          |     3 |       ||     3
Armor: Skin              |     8 |     1 ||     9
Dodge: Dodged            |    45 |     6 ||    51
Block: Other             |    10 |     1 ||    11
       Rpst.: Unarmed    |    16 |       ||    16
       Long sword        |    12 |     1 ||    13
       Dagger            |     4 |     2 ||     6
